 Dungeon Crawl Stone Soup version 0.19.5 (webtiles) character file.

478 sankara the Twirler (level 6, -5/49 HPs)
             Began as a Demonspawn Gladiator on Mar 27, 2017.
             Was an Initiate of Nemelex Xobeh.
             Slain by a gnoll
             ... wielding a +0 flail
              (11 damage)
             ... on level 5 of the Dungeon.
             The game lasted 00:07:50 (4102 turns).

sankara the Twirler (Demonspawn Gladiator)          Turns: 4102, Time: 00:07:51

Health: -5/49      AC:  8    Str: 15    XL:     6   Next: 85%
Magic:  6/6        EV: 12    Int: 10    God:    Nemelex Xobeh [......]
Gold:   196        SH:  0    Dex: 15    Spells: 0 memorised, 5 levels left

rFire  . . .     SeeInvis .     a - +0 quarterstaff
rCold  . . .     Gourm    .     b - +0 leather armour
rNeg   . . .     Faith    .     (shield currently unavailable)
rPois  .         Spirit   .     c - +0 helmet
rElec  .         Reflect  .     (no cloak)
rCorr  +         Harm     .     (no gloves)
MR     .....                    h - +0 pair of boots
Stlth  +.........               (no amulet)
                                (no ring)
                                t - ring of resist corrosion

@: glowing
A: talons 1, icy blue scales 2, demonic guardian 1
a: Renounce Religion


You were on level 5 of the Dungeon.
You worshipped Nemelex Xobeh.
Nemelex Xobeh was noncommittal.
You were not hungry.

You visited 2 branches of the dungeon, and saw 6 of its levels.

You collected 196 gold pieces.

Inventory:

Hand Weapons
 a - a +0 quarterstaff (weapon)
Missiles
 d - 3 throwing nets (quivered)
Armour
 b - a +0 leather armour (worn)
 c - a +0 helmet (worn)
 h - a +0 pair of boots (worn)
 v - a +0 plate armour
 w - a +2 buckler
Jewellery
 t - a ring of resist corrosion (left hand)
Wands
 s - a wand of lightning (8/15)
Scrolls
 i - 5 scrolls of teleportation {unknown}
 j - 7 scrolls of identify {unknown}
 k - a scroll of enchant weapon {unknown}
 o - 2 scrolls of amnesia {unknown}
 u - a scroll of enchant armour {unknown}
 x - 2 scrolls of random uselessness {unknown}
 y - 2 scrolls of remove curse {unknown}
Potions
 e - 2 potions of heal wounds {unknown}
 l - 3 potions of flight {unknown}
 m - a potion of agility {unknown}
 n - 3 potions of haste {unknown}
 p - a potion of might {unknown}
 r - 2 potions of cancellation {unknown}
 z - a potion of mutation {unknown}
Miscellaneous
 A - a plain deck of destruction {drawn: 1}
Comestibles
 f - 5 bread rations
 g - 3 beef jerkies
 q - 10 chunks of flesh


   Skills:
 + Level 4.4 Fighting
 * Level 6.1 Staves
 - Level 1.7 Throwing
 - Level 2.6 Dodging


You had 5 spell levels left.
You didn't know any spells.

Dungeon Overview and Level Annotations

Branches:
Dungeon (5/15)             Temple (1/1) D:4

Altars:
Ashenzari
Cheibriados
Dithmenos
Elyvilon
Fedhas
Gozag
Hepliaklqana
Makhleb
Nemelex Xobeh
Okawaru
Qazlal
Ru
Sif Muna
Trog
Uskayaw
Xom
Yredelemnul
The Shining One

Shops:
D:4 (


Innate Abilities, Weirdness & Mutations

You have sharp toenails.
You are mostly covered in icy blue scales. (AC +3)
A weak demonic guardian rushes to your aid.


Message History

The gnoll shaman calls upon its god to speed up the gnoll.
The gnoll seems to speed up.
The gnoll hits you from afar with a spear.
You closely miss the gnoll shaman.
The gnoll shaman is almost dead.
The gnoll hits you from afar with a spear!
* * * LOW HITPOINT WARNING * * *
Your iron imp hits the gnoll shaman.
The gnoll shaman dies!
The gnoll hits you from afar with a spear.
* * * LOW HITPOINT WARNING * * *
Evoke which item? (* to show all) (? for menu, Esc to quit)
You draw a card...
It is Pain.
You have drawn Pain.
Press: ? - help, Shift-Dir - straight line, f - gnoll
Aim: a gnoll, wielding a spear (fast)
The gnoll resists with some effort.
The gnoll misses you. The gnoll hits you with a flail!
You die...
Your body disappears without additional glow.

# .# ####.. # #..#.
#..#### #...#
#...... #g.g
....... #g)###+#
####### #5@##..#
#......#
#..##..#####
#..##'###..#
#..##..##..########
#..................
+..................
#.###..######..##.#
#. #..# ###..####


You could see 3 gnolls and a friendly iron imp.

Vanquished Creatures
  Menkaure (D:4)
  An orc priest (D:4)
  Terence (D:3)
  Natasha (D:3)
  2 worker ants (D:4)
  A gnoll (D:5)
  8 adders
  An ooze (D:3)
  A worm (D:2)
  A dart slug (D:1)
  2 leopard geckos (D:1)
  6 orcs
  2 ball pythons (D:3)
  7 giant cockroaches
  2 goblins (D:1)
  4 hobgoblins
  A quokka (D:3)
  8 bats
  6 frilled lizards
  6 kobolds
  8 rats
70 creatures vanquished.

Vanquished Creatures (collateral kills)
  A gnoll shaman (D:5)
  2 orc wizards (D:4)
  A bullfrog skeleton (D:4)
  3 orcs (D:4)
  A leopard gecko skeleton (D:4)
8 creatures vanquished.

Grand Total: 78 creatures vanquished

Notes
Turn   | Place    | Note
-------+----------+-------------------------------------------
     0 | D:1      | sankara the Demonspawn Gladiator began the quest for the Orb.
     0 | D:1      | Reached XP level 1. HP: 16/16 MP: 1/1
    55 | D:1      | Reached skill level 3 in Staves
    77 | D:1      | Gained mutation: You are partially covered in icy blue scales. (AC +2) [demonic ancestry]
    77 | D:1      | Reached XP level 2. HP: 17/22 MP: 2/2
   876 | D:2      | Gained mutation: You have sharp toenails. [demonic ancestry]
   876 | D:2      | Reached XP level 3. HP: 19/28 MP: 3/3
  1111 | D:2      | Found a faded altar of an unknown god.
  2029 | D:3      | Gained mutation: You are mostly covered in icy blue scales. (AC +3) [demonic ancestry]
  2029 | D:3      | Reached XP level 4. HP: 22/35 MP: 4/4
  2229 | D:3      | Reached skill level 4 in Staves
  2453 | D:3      | Noticed Terence
  2463 | D:3      | Killed Terence
  2510 | D:3      | Noticed Natasha
  2514 | D:3      | Killed Natasha
  2514 | D:3      | Reached XP level 5. HP: 40/41 MP: 5/5
  2795 | D:4      | Found Jiwuh's Weapon Boutique.
  2825 | D:4      | Found a basalt altar of Yredelemnul.
  2825 | D:4      | Found a burning altar of Makhleb.
  3042 | D:4      | Noticed Menkaure
  3055 | D:4      | Killed Menkaure
  3055 | D:4      | Reached skill level 5 in Staves
  3055 | D:4      | Gained mutation: A weak demonic guardian rushes to your aid. [demonic ancestry]
  3055 | D:4      | Reached XP level 6. HP: 17/48 MP: 6/6
  3533 | D:4      | Found a staircase to the Ecumenical Temple.
  3552 | Temple   | Entered the Ecumenical Temple
  3708 | Temple   | Became a worshipper of Nemelex Xobeh the Trickster
  3930 | D:4      | Reached skill level 6 in Staves
  4058 | D:5      | Entered Level 5 of the Dungeon
  4088 | D:5      | Received a gift from Nemelex Xobeh
  4102 | D:5      | Slain by a gnoll

Skill      XL: |  1  2  3  4  5  6 |
---------------+-------------------+-----
Staves         | 3 4 5 6 |  6.1
Fighting       | 3 4 |  4.4
Throwing       | |  1.7
Dodging        | |  2.6

Action                   |  1- 3 |  4- 6 || total
-------------------------+-------+-------++-------
Melee: Quarterstaff      |   111 |   155 ||   266
       Kick              |     4 |       ||     4
Evoke: Deck              |       |     1 ||     1
 Stab: Sleeping          |     2 |     1 ||     3
  Eat: Chunk             |     2 |     8 ||    10
Armor: Leather armour    |    36 |    57 ||    93
Dodge: Dodged            |    80 |   145 ||   225
